 Dungeon Crawl Stone Soup version 0.20.1-1-g8b1a95d (webtiles) character file.

162 slep the Skirmisher (level 5, -8/47 HPs)
             Began as a Hill Orc Fighter on Oct 24, 2017.
             Was a Believer of Elyvilon.
             Splashed by Ijyb's acid (16 damage)
             ... on level 3 of the Dungeon.
             The game lasted 00:08:50 (1340 turns).

slep the Skirmisher (Hill Orc Fighter)              Turns: 1340, Time: 00:08:51

Health: -8/47      AC:  3    Str: 19    XL:     5   Next: 43%
Magic:  5/5        EV:  7    Int:  8    God:    Elyvilon [**....]
Gold:   118        SH:  9    Dex: 11    Spells: 4/4 levels left

rFire    . . .     SeeInvis .   h - +4 hand axe
rCold    . . .     Gourm    .   c - +0 shield
rNeg     . . .     Faith    .   b - +0 scale mail
rPois    .         Spirit   .   (no helmet)
rElec    .         Reflect  .   (no cloak)
rCorr    .         Harm     .   (no gloves)
MR       .....                  (no boots)
Stlth    ..........             n - amulet of rage
Regen    0.2/turn               (no ring)
MPRegen  0.1/turn               (no ring)

@: corroded
A: no striking features
a: Lesser Healing, Heal Other, Divine Protection, Renounce Religion, Evoke
Berserk Rage


You were on level 3 of the Dungeon.
You worshipped Elyvilon.
Elyvilon was pleased with you.
You were not hungry.

You visited 1 branch of the dungeon, and saw 3 of its levels.

You collected 118 gold pieces.

Inventory:

Hand Weapons
 a - a +0 long sword
 h - a +4 hand axe (weapon)
Armour
 b - a +0 scale mail (worn)
 c - a +0 shield (worn)
Jewellery
 n - an amulet of rage (around neck)
Scrolls
 e - 2 scrolls of recharging {unknown}
 j - 3 scrolls of fog {unknown}
 l - a scroll of immolation {unknown}
 p - a scroll of amnesia {unknown}
 q - 2 scrolls of identify {unknown}
Potions
 d - 2 potions of might
 g - a potion of degeneration {unknown}
 m - 2 potions of berserk rage {unknown}
 o - a potion of curing {unknown}
Comestibles
 f - 2 bread rations
 i - a royal jelly
 k - 4 fruits
 r - a chunk of flesh


   Skills:
 + Level 4.5 Fighting
 + Level 2.5 Long Blades
 + Level 3.1 Axes
 + Level 4.0 Armour
 + Level 0.5 Dodging
 + Level 0.1 Stealth
 + Level 4.2 Shields


You had 4 spell levels left.
You didn't know any spells.

Dungeon Overview and Level Annotations

Branches:
Dungeon (3/15)

Altars:
Elyvilon

Annotations:
D:3 Ijyb


Message History

The orc shouts!
You slash the orc!
You kill the orc!
You closely miss the orc. You block the orc's attack.
You hit the orc.
The orc is almost dead.
The orc hits you with a hand axe.
Your shield prevents you from hitting the orc.
The orc is almost dead.
You block the orc's attack. The orc hits you but does no damage.
Ijyb the Twisted Goblin comes into view.
She is wielding a club.
You hit the orc.
You kill the orc!
Ijyb zaps a wand.
The bolt of acid hits the orc.
The orc is splashed with acid.
The acid corrodes the orc!
The orc dies!
The bolt of acid hits you!
* * * LOW HITPOINT WARNING * * *
The acid corrodes you!
You are splashed with acid!
The acid burns!
You die...

####### ### #.....# #..
#.# #.########.# #### #.#
#..........# ...
#.###.####.....# ##.##
#..............#
#.###...###.#.######......
#......o)@[...# #.....#
#.###..)###..<# #######
##.## #...# #...... .g.
....# #.##### .##. .##..#
.. #o #. #..# . .. # #..#
## #..#


You could see Ijyb and an orc.

Vanquished Creatures
  An orc priest (D:3)
  An orc wizard (D:3)
  Terence (D:2)
  2 adders
  An ooze (D:1)
  2 dart slugs (D:1)
  2 leopard geckos
  4 orcs (D:3)
  A ball python (D:2)
  A giant cockroach (D:3)
  5 goblins
  4 hobgoblins (D:2)
  3 jackals (D:2)
  2 quokkas (D:3)
  6 bats
  5 frilled lizards
  6 kobolds
  4 rats
51 creatures vanquished.

Vanquished Creatures (others)
  An orc (D:3)
1 creature vanquished.

Grand Total: 52 creatures vanquished

Notes
Turn   | Place    | Note
-------+----------+-------------------------------------------
     0 | D:1      | slep the Hill Orc Fighter began the quest for the Orb.
     0 | D:1      | Reached XP level 1. HP: 19/19 MP: 1/1
   199 | D:1      | Reached XP level 2. HP: 23/27 MP: 2/2
   493 | D:2      | Found a faded altar of an unknown god.
   502 | D:2      | Became a worshipper of Elyvilon the Healer
   502 | D:2      | Reached * piety under Elyvilon
   506 | D:2      | Reached XP level 3. HP: 34/34 MP: 3/3
   836 | D:2      | Noticed Terence
   840 | D:2      | Killed Terence
   840 | D:2      | Reached skill level 1 in Axes
   840 | D:2      | Reached XP level 4. HP: 39/41 MP: 4/4
  1175 | D:3      | Reached XP level 5. HP: 18/47 MP: 5/5
  1333 | D:3      | Reached ** piety under Elyvilon
  1340 | D:3      | Noticed Ijyb
  1340 | D:3      | Splashed by Ijyb's acid

Skill      XL: |  1  2  3  4  5 |
---------------+----------------+-----
Fighting       | 4 |  4.5
Axes           | 1 2 3 |  3.1
Shields        | 4 |  4.2
Armour         | 4 |  4.0
Long Blades    | |  2.5
Dodging        | |  0.5
Stealth        | |  0.1

Action                   |  1- 3 |  4- 6 || total
-------------------------+-------+-------++-------
Melee: Long sword        |    38 |       ||    38
       Hand axe          |    60 |    59 ||   119
  Eat: Chunk             |       |     2 ||     2
Armor: Scale mail        |    53 |    23 ||    76
Dodge: Dodged            |    32 |    24 ||    56
Block: Shield            |    56 |    20 ||    76
       Rpst.: Long sword |     3 |       ||     3
